[Event "*** Titled Tuesday Blitz"]
[Site "Chess.com"]
[Date "2021.04.06"]
[Round "11"]
[White "Lenyas66"]
[Black "JoliyRoger"]
[Result "0-1"]
[WhiteElo "2501"]
[BlackElo "2418"]
[TimeControl "180+1"]
[EndTime "12:07:36 PDT"]
[Termination "JoliyRoger won on time"]

1. e4 c6 2. d4 d5 3. exd5 cxd5 4. Bd3 Nc6 5. c3 g6 6. Nf3 Nh6 7. O-O Bg7 8. Bf4 O-O 9. Qc1 Nf5 10. Re1 Re8 11. Nbd2 f6 12. g4 Nd6 13. g5 Bg4 14. gxf6 exf6 15. Bf1 Qd7 16. Qc2 Ne4 17. Bg3 Rac8 18. Re3 Qf5 19. Qb3 Qd7 20. Nxe4 Bxf3 21. Rxf3 Rxe4 22. Re3 f5 23. Bg2 Rce8 24. Bxe4 fxe4 25.
f3 Bh6 26. Re2 e3 27. Rf1 Ne7 28. f4 Nf5 29. Rf3 a6 30. Qc2 Bg7 31. Qd3 h5 32. Be1 Kh7 33. Rfxe3 Nxe3 34. Rxe3 Rf8 35. Bg3 Qg4 36.
Qe2 Qf5 0-1

[Event "*** Titled Tuesday Blitz"]
[Site "Chess.com"]
[Date "2021.04.06"]
[Round "11"]
[White "schondeln"]
[Black "Raud100"]
[Result "1-0"]
[WhiteElo "2383"]
[BlackElo "2272"]
[TimeControl "180+1"]
[EndTime "12:07:36 PDT"]
[Termination "schondeln won by resignation"]

1. e4 d6 2. d4 Nf6 3. Nc3 g6 4.
Be3 c6 5. Qd2 b5 6. Bd3 Nbd7 7.
Nf3 Nb6 8. Ne2 Bg4 9. Ng3 Bxf3 10. gxf3 h5 11. O-O-O Nc4 12. Qe2 d5 13. Kb1 Bg7 14. Bc1 e6 15. b3 Nb6 16. Bb2 a5 17. Rhe1 O-O 18. e5 Nh7 19. f4 Qh4 20. Qf3 Nd7 21.
f5 exf5 22. Bxf5 gxf5 23. Nxf5 Qg4 24. Qd3 Kh8 25. Rg1 Qe4 26. Qxe4 dxe4 27. Rxg7 Nb6 28. Rdg1 Nd5 29. c4 bxc4 30. bxc4 Nf4 31. Nd6 Ra7 32. e6 Ng6 33. d5 Rb8 34. Nxf7+ Rxf7 35. Rxf7+ Rxb2+ 36. Kxb2 Ne5 37. d6 e3 38. fxe3 Nd3+ 39. Kc3 Nc5 40. Rxh7+ Kxh7 41. e7 Ne6 42. e8=Q Kh6 43. Qxe6+ 1-0

[Event "*** Titled Tuesday Blitz"]
[Site "Chess.com"]
[Date "2021.04.06"]
[Round "11"]
[White "JiiHart"]
[Black "Larciano"]
[Result "0-1"]
[WhiteElo "2019"]
[BlackElo "2016"]
[TimeControl "180+1"]
[EndTime "12:07:36 PDT"]
[Termination "Larciano won on time"]

1. e4 e5 2. Nf3 Nc6 3. Bc4 Nf6 4.
Ng5 d5 5. exd5 Na5 6. Bb5+ c6 7. dxc6 bxc6 8. Be2 h6 9. Nf3 e4 10. Ne5 Bd6 11. d4 exd3 12. Nxd3 O-O 13. O-O Qc7 14. h3 c5 15. b3 c4 16. bxc4 Nxc4 17. Nd2 Be6 18.
Nxc4 Bxc4 19. Bb2 Ne4 20. Bf3 Rae8 21. Bd4 f5 22. c3 Bh2+ 23. Kh1 Bd6 24. a4 a6 25. a5 Kh8 26. Qc2 Bb5 27. Rfd1 Qc4 28. Kg1 Bb8 29. Qc1 Qc7 30. Qxh6+ Kg8 31. Qh4 Qh2+ 32.
Kf1 Qh1+ 33. Ke2 Nxc3+ 34. Kd2 Nxd1 35. Rxd1 Qh2 36. Qg5 Bf4+ 37. Kc2 Bxg5 38. Bd5+ Kh8 39. g3 Qxh3 40. Ne5 Bh6 41. Rh1 Qxh1 42. Bxh1 Rc8+ 43.
Kb2 Kh7 44. Bd5 g6 45. f4 Bg7 46. Be6 Rcd8 47. Bc3 Rd1 0-1

[Event "*** Titled Tuesday Blitz"]
[Site "Chess.com"]
[Date "2021.04.06"]
[Round "11"]
[White "Fandorine"]
[Black "ENajer77"]
[Result "1-0"]
[WhiteElo "2913"]
[BlackElo "2694"]
[TimeControl "180+1"]
[EndTime "12:07:38 PDT"]
[Termination "Fandorine won on time"]

1. Nf3 d5 2. e3 c5 3. b3 Nc6 4.
Bb2 f6 5. d4 cxd4 6. exd4 Bg4 7. Be2 e6 8. Nbd2 Bd6 9. Nf1 Qa5+ 10. c3 Nge7 11. Ne3 Bh5 12. O-O O-O 13. Re1 Rad8 14. h3 Kh8 15. Nf1 Bb8 16. a4 Bf7 17. Rc1 e5 18. dxe5 fxe5 19. Ng3 e4 20. Ng5 Bg8 21. Nh5 Qc7 22. f4 Rxf4 23. c4 d4 24. Bg4 Rff8 25.
g3 Ne5 26. Rxe4 Nxg4 27. Qxg4 Nf5 28. Rf1 Nxg3 29. Rxf8 Rxf8 30. Qxg3 Qxg3+ 31. Nxg3 Bxg3 32. Bxd4 h6 33. Re7 Bf2+ 34. Bxf2 hxg5 35. Rxb7 Rf3 36. Kg2 Rd3 37. Bxa7 Kh7 38. a5 Kh6 39. Bf2 Be6 40. Rb6 1-0

[Event "*** Titled Tuesday Blitz"]
[Site "Chess.com"]
[Date "2021.04.06"]
[Round "11"]
[White "federicosellitti"]
[Black "moro182"]
[Result "1-0"]
[WhiteElo "2627"]
[BlackElo "2730"]
[TimeControl "180+1"]
[EndTime "12:07:39 PDT"]
[Termination "federicosellitti won by resignation"]

1. e4 e5 2. Nc3 Nc6 3. f4 d6 4.
Nf3 Nf6 5. Bc4 exf4 6. O-O Be7 7.
d4 O-O 8. Bxf4 Bg4 9. Qd2 Qd7 10.
Rae1 Rae8 11. Qf2 Bh5 12. h3 Bg6 13. e5 dxe5 14. dxe5 Nh5 15. Be3 Bb4 16. Rd1 Qc8 17.
Nd5 Ba5 18. g4 Nxe5 19. Nxe5 Rxe5 20. gxh5 Bxh5 21. Qg3 Rxe3 22. Qxe3 Kh8 23. Rd4 c6 24. Nf4 Bg6 25. Nxg6+ hxg6 26. c3 Bb6 27. Rxf7 Rxf7 28.
Bxf7 g5 29. Qe8+ Qxe8 30. Bxe8 Kg8 31. Bg6 Kf8 32. Kg2 Bxd4 33. cxd4 Ke7 34. Kf3 Kd6 35. Be4 b5 36. Kg4 a5 37. Kxg5 c5 38. dxc5+ Kxc5 39. Kg6 Kd4 40. Bf5 Ke3 41. Kxg7 Kd2 42. h4 Kc1 43. b3 Kb2 44. Be6 Kxa2 45. h5 Ka3 46.
h6 a4 47. bxa4 b4 48. h7 b3 49. Bxb3 Kxb3 50. h8=Q 1-0

[Event "*** Titled Tuesday Blitz"]
[Site "Chess.com"]
[Date "2021.04.06"]
[Round "11"]
[White "Chopper1905"]
[Black "KaterynaLagno"]
[Result "1-0"]
[WhiteElo "2921"]
[BlackElo "2682"]
[TimeControl "180+1"]
[EndTime "12:07:39 PDT"]
[Termination "Chopper1905 won on time"]

1. e4 e5 2. f4 d5 3. exd5 exf4 4. Nf3 Nf6 5. Bb5+ c6 6. dxc6 bxc6 7. Be2 c5 8. O-O Be7 9. d4 cxd4 10. Qxd4 Qxd4+ 11. Nxd4 Bb7 12. Bxf4 O-O 13. Nd2 Nbd7 14. c4 Bc5 15. Nb3 Bb6 16. Bd6 Rfe8 17. c5 Ne4 18. cxb6 Nxd6 19.
bxa7 Rxa7 20. Bb5 Nxb5 21. Nxb5 Ra4 22. Nd6 Rb8 23. Rxf7 Bc6 24. Rc1 Rxa2 25. Rxc6 Ne5 26. Rfc7 Nxc6 27. Rxc6 Rxb2 28. Nd4 Rd2 29. N4b5 Rd5 30.
Nc3 Rd2 31. h3 Rc2 32. Rc7 h6 33. Nf5 Rb3 34. Rxg7+ Kh8 35. Ne4 Rc1+ 36. Kh2 Rf1 37. Nf6 1-0

[Event "*** Titled Tuesday Blitz"]
[Site "Chess.com"]
[Date "2021.04.06"]
[Round "11"]
[White "fabianvivasz"]
[Black "ama18"]
[Result "0-1"]
[WhiteElo "2399"]
[BlackElo "2518"]
[TimeControl "180+1"]
[EndTime "12:07:40 PDT"]
[Termination "ama18 won on time"]

1. c4 Nf6 2. Nc3 c5 3. g3 e6 4. Bg2 a6 5. Nf3 Qc7 6. O-O d6 7. b3 b6 8. e4 Bb7 9. Re1 Be7 10. d4 cxd4 11. Nxd4 Nbd7 12. Ba3 O-O 13. Rc1 Rac8 14. h3 Rfe8 15. Re2 Bf8 16. Rd2 Nc5 17. Qe2 Qb8 18. Nc2 d5 19. e5 Nfe4 20. Nxe4 Nxe4 21. Bxe4 dxe4 22. Bd6 Qa8 23. Qe3 b5 24. c5 Red8 25.
Nd4 Bxd6 26. exd6 Rxd6 27. cxd6 Rxc1+ 28. Kh2 Bd5 29. Ne2 Rc8 30. Nc3 Rd8 31. Qc5 Bc6 32. Qe5 Qb7 33. Rd4 h6 34. Nxe4 Bxe4 35. Rxe4 Qd5 36.
Qxd5 exd5 37. Re7 Rxd6 38. Ra7 d4 0-1

[Event "*** Titled Tuesday Blitz"]
[Site "Chess.com"]
[Date "2021.04.06"]
[Round "11"]
[White "PSvidler"]
[Black "Firouzja2003"]
[Result "0-1"]
[WhiteElo "2982"]
[BlackElo "3155"]
[TimeControl "180+1"]
[EndTime "12:07:43 PDT"]
[Termination "Firouzja2003 won by resignation"]

1. Nf3 Nf6 2. c4 e6 3. e3 d5 4. b3 Be7 5. Bb2 O-O 6. Qc2 b6 7. Nc3 Bb7 8. cxd5 Nxd5 9. Nxd5 Bxd5 10. Bd3 h6 11. Bh7+ Kh8 12. Be4 c5 13. Ne5 Bf6 14. f4 Bxe5 15. Bxe5 Nc6 16. Bc3 Bxe4 17. Qxe4 Qd5 18. Qxd5 exd5 19. Ke2 Rfe8 20. a3 d4 21. Bb2 dxe3 22. dxe3 Nd4+ 23. Kf2 Nxb3 24. Rad1 Rad8 25. g4 c4 26. Bc3 Nc5 27. Kf3 Nd3 28. h4 Kg8 29. g5 h5 30. Rb1 Rd7 31. Rhd1 Red8 32.
Ke2 Kh7 33. f5 Rd5 34. e4 Nf4+ 35. Ke1 Rd3 36. Rxd3 Rxd3 37. Be5 Re3+ 38. Kf2 Rxe4 39. Bb8 Nd3+ 40. Kf3 Rxh4 41. Ke3 Nc5 42. Bxa7 Rh3+ 43. Kd4 Nb3+ 44. Kd5 b5 45. Rg1 g6 46. Ke5 c3 47.
Rg2 Rf3 0-1

[Event "*** Titled Tuesday Blitz"]
[Site "Chess.com"]
[Date "2021.04.06"]
[Round "11"]
[White "kinga2008"]
[Black "mamonika"]
[Result "1-0"]
[WhiteElo "2265"]
[BlackElo "2054"]
[TimeControl "180+1"]
[EndTime "12:07:43 PDT"]
[Termination "kinga2008 won on time"]

1. e4 c5 2. Nf3 Nc6 3. c3 Nf6 4. Bd3 d5 5. e5 Nd7 6. e6 fxe6 7. O-O e5 8. Ng5 Nf6 9. Bxh7 Nxh7 10. Qh5+ Kd7 11.
Nxh7 Kc7 12. Qg6 Bd7 13. Ng5 Qe8 14. Qxe8 Rxe8 15. d4 exd4 16. cxd4 Nxd4 17. Na3 e5 18. Be3 Bd6 19. b4 Ne2+ 20. Kh1 e4 21. h3 d4 22. Nc4 dxe3 23. Nxd6 Kxd6 24. Nf7+ Kc6 25. Nxh8 Rxh8 26. Rae1 Nd4 27. Rxe3 Bf5 28. bxc5 Kxc5 29. Rd1 b5 30. Rc3+ Kd5 31. Rb3 a6 32. Rb4 Ke5 33. Rbxd4 Rc8 34. Rd5+ Kf6 35. Rd6+ Ke7 36. Rxa6 Rc2 37.
Rd5 g6 38. Rxb5 Rxf2 39. Kg1 Rd2 40. g4 Bd7 41. Re5+ 1-0

[Event "*** Titled Tuesday Blitz"]
[Site "Chess.com"]
[Date "2021.04.06"]
[Round "11"]
[White "Zq1"]
[Black "mikolka1985"]
[Result "1/2-1/2"]
[WhiteElo "2554"]
[BlackElo "2656"]
[TimeControl "180+1"]
[EndTime "12:07:44 PDT"]
[Termination "Game drawn by repetition"]

1. d4 Nf6 2. c4 e6 3. Nc3 Bb4 4. e3 b6 5. Bd3 Bb7 6. f3 c5 7. a3 Bxc3+ 8. bxc3 O-O 9. Ne2 Nc6 10.
e4 Ne8 11. Be3 Na5 12. dxc5 bxc5 13. Bxc5 d6 14. Bb4 Qc7 15. c5 dxc5 16. Bxa5 Qxa5 17. O-O Qc7 18. Kh1 Rd8 19. Qb1 c4 20. Bc2 e5 21.
Qc1 Qc5 22. Ng3 Bc8 23. Rd1 Nf6 24. Rxd8 Rxd8 25. Qe1 Be6 26. a4 h5 27. h4 Qe7 28.
Nf5 Bxf5 29. exf5 Qc5 30. Rd1 Rxd1 31. Bxd1 Kf8 32. Qd2 Ke7 33. Bc2 Qa3 34. Qe3 Kf8 35.
Be4 Qxa4 36. Qc5+ Kg8 37. Qxe5 a5 38. Kh2 Qa3 39. Qd4 Qb3 40. Qd8+ Kh7 41. Qxa5 Qb2 42. Qe5 Qf2 43. Kh3 Qg1 44. Kg3 Qe1+ 45. Kh3 Qh1+ 46. Kg3 Qg1 47. Kh3 Qh1+ 48. Kg3 Kh8 49. Qb8+ Kh7 50.
Qe5 1/2-1/2

[Event "*** Titled Tuesday Blitz"]
[Site "Chess.com"]
[Date "2021.04.06"]
[Round "11"]
[White "Jumbo"]
[Black "ShapkinAnatoliy"]
[Result "0-1"]
[WhiteElo "2805"]
[BlackElo "2677"]
[TimeControl "180+1"]
[EndTime "12:07:45 PDT"]
[Termination "ShapkinAnatoliy won on time"]

1. d4 Nf6 2. c4 g6 3. Nc3 d5 4. Bg5 Bg7 5. e3 c5 6. Nf3 cxd4 7.
exd4 O-O 8. Bxf6 Bxf6 9. Nxd5 Bg7 10. Nc3 Bg4 11. d5 Qb6 12. Qb3 Bxf3 13. gxf3 Nd7 14. Be2 Nc5 15. Qxb6 Bxc3+ 16. bxc3 axb6 17. O-O Ra3 18.
Rfb1 Nd7 19. Bf1 Rfa8 20. Bh3 f5 21. c5 Nxc5 22. Rxb6 Rxc3 23. Bf1 Rxf3 24. Rc1 Ra5 25. Bc4 Kf8 26. Bb5 Ne4 27. Rc8+ Kg7 28. Rc7 Rxa2 29. d6 Rfxf2 30. Rxe7+ Kf6 31. Rxe4 fxe4 32. d7+ Ke7 33. Re6+ Kxe6 34. d8=Q Rad2 35. Qe8+ Kf5 36. Qf7+ Ke5 37. Qe7+ Kd4 38. Qd6+ Ke3 39. Qg3+ Kd4 40. Qd6+ Kc3 0-1

[Event "*** Titled Tuesday Blitz"]
[Site "Chess.com"]
[Date "2021.04.06"]
[Round "11"]
[White "szabadaba"]
[Black "DamianoLew95"]
[Result "1-0"]
[WhiteElo "2699"]
[BlackElo "2574"]
[TimeControl "180+1"]
[EndTime "12:07:49 PDT"]
[Termination "szabadaba won on time"]

1. e4 c5 2. Nc3 Nc6 3. g3 g6 4.
Bg2 Bg7 5. d3 d6 6. f4 e6 7. Nf3 h5 8. O-O Nf6 9. h3 h4 10. Nxh4 Nh5 11. Ne2 Nxg3 12. Nxg3 Qxh4 13. Qf3 Nd4 14. Qf2 Nxc2 15. Qxc2 Qxg3 16. Rf3 Bd4+ 17. Kf1 Qh2 18. Be3 Bxe3 19. Rxe3 Qxf4+ 20. Rf3 Qe5 21. Kg1 Bd7 22. Raf1 f5 23. exf5 gxf5 24. Qf2 O-O-O 25. Re3 Qd4 26. Kh2 Rdg8 27. Rfe1 Bc6 28. Bxc6 bxc6 29. Qf3 Qd5 30. Qxd5 exd5 31. Re7 Kb8 32. R1e6 f4 33. Rf6 Re8 34. Rd7 Re2+ 35. Kg1 Rxb2 36. Rxf4 Rxa2 37.
Rff7 c4 38. dxc4 dxc4 39. Rxd6 c3 40. Rxc6 c2 41. Rfc7 a5 42. Kf1 a4 43. Ke1 a3 44.
Rxc2 Rxc2 45. Rxc2 Rxh3 46. Kd2 Kb7 47. Rc3 a2 48.
Rc1 1-0

[Event "*** Titled Tuesday Blitz"]
[Site "Chess.com"]
[Date "2021.04.06"]
[Round "11"]
[White "KafkaesqueKnight"]
[Black "noblerone"]
[Result "0-1"]
[WhiteElo "2276"]
[BlackElo "2401"]
[TimeControl "180+1"]
[EndTime "12:07:50 PDT"]
[Termination "noblerone won on time"]

1. d4 d5 2. c4 c6 3. Nc3 Nf6 4. Nf3 dxc4 5. a4 Bf5 6. Ne5 Nbd7 7.
Nxc4 Qc7 8. g3 e5 9. dxe5 Nxe5 10. Bf4 Nfd7 11. Bg2 f6 12. a5 Be6 13. Nxe5 fxe5 14. Be3 Bc5 15. Bxc5 Nxc5 16. b4 Nb3 17. Bd5 cxd5 18.
Qxb3 Qf7 19. Qa4+ Qd7 20. Qxd7+ Kxd7 21. O-O Rhc8 22. Na4 Kd6 23. Rfc1 Bd7 24. Nc5 Bc6 25. e3 b6 26. Nd3 Bb5 27. Ne1 Rc4 28. Rxc4 dxc4 29.
e4 a6 30. Nc2 bxa5 31. Rxa5 Kc6 32. Ne3 Kb6 33. Nd5+ Kc6 34. f4 exf4 35. gxf4 Re8 36. Nc3 Kb6 37. e5 g5 38. Nd5+ Kc6 39. Nf6 Re6 40. Kf2 gxf4 41. Kf3 Rxe5 42. Kxf4 Re1 43. Kg5 c3 44. Ng4 c2 0-1

[Event "*** Titled Tuesday Blitz"]
[Site "Chess.com"]
[Date "2021.04.06"]
[Round "11"]
[White "Bulldog167"]
[Black "RD4ever"]
[Result "1-0"]
[WhiteElo "2813"]
[BlackElo "2879"]
[TimeControl "180+1"]
[EndTime "12:07:51 PDT"]
[Termination "Bulldog167 won on time"]

1. c4 e5 2. Nc3 Nc6 3. Nf3 Nf6 4.
e4 g6 5. g3 Bg7 6. Bg2 O-O 7.
O-O d6 8. d3 Bg4 9. h3 Bxf3 10.
Bxf3 Nd7 11. Be3 Nd4 12. Bg2 c6 13. Ne2 a5 14. Nxd4 exd4 15. Bd2 Nc5 16. Qe2 Re8 17. f4 f5 18. Rae1 Qb6 19. b3 Re7 20. Kh1 Rae8 21. h4 Kh8 22. h5 fxe4 23. dxe4 Nxe4 24. Bxe4 d5 25. cxd5 cxd5 26. hxg6 dxe4 27. f5 hxg6 28. Kg2 d3 29. Qg4 gxf5 30. Rxf5 e3 31. Rh1+ Kg8 32. Rfh5 Qc6+ 33. Kg1 Qxh1+ 34. Rxh1 exd2 35. Qc4+ Rf7 36. Kg2 Re3 37. Qc8+ Rf8 38. Qc4+ Rf7 39. Rf1 Bf6 40. Rxf6 1-0

[Event "*** Titled Tuesday Blitz"]
[Site "Chess.com"]
[Date "2021.04.06"]
[Round "11"]
[White "crazy_but_lazy"]
[Black "GelmanAlexander"]
[Result "0-1"]
[WhiteElo "2430"]
[BlackElo "2637"]
[TimeControl "180+1"]
[EndTime "12:07:52 PDT"]
[Termination "GelmanAlexander won by checkmate"]

1. d4 Nf6 2. c4 c5 3. d5 b5 4.
Nd2 b4 5. e4 d6 6. b3 g6 7. Bb2 Bg7 8. Ngf3 O-O 9. Qc2 e5 10. dxe6 fxe6 11. Be2 e5 12. O-O Nc6 13. Rfe1 Nh5 14. Nf1 Nf4 15. Ne3 a5 16. Nd5 Nxe2+ 17.
Rxe2 Bg4 18. Re3 Bxf3 19. Rxf3 Rxf3 20. gxf3 Qg5+ 21. Kh1 Rf8 22. Qe2 Qh5 23. Kg2 Nd4 24. Bxd4 exd4 25. Re1 Be5 26. f4 Qxe2 27. Rxe2 Bxf4 28.
Nxf4 Rxf4 29. Kg3 Rf6 30. f4 Kf7 31. e5 Re6 32. Kf3 dxe5 33. fxe5 d3 34. Rd2 Rxe5 35. Rxd3 Rh5 36. Kg3 Rg5+ 37. Kf3 Rf5+ 38. Kg3 Ke6 39. Rd8 Rg5+ 40. Kf3 Rf5+ 41. Kg3 Re5 42. Ra8 Re3+ 43.
Kf2 Rc3 44. Rxa5 Kd6 45. Ra6+ Ke5 46. Rc6 Rc2+ 47. Ke3 Rc3+ 48. Kd2 Kd4 49. Rd6+ Ke4 50. Rc6 Rh3 51. Rxc5 Rxh2+ 52. Ke1 Rxa2 53. Rb5 h5 54. c5 Ke3 55. Rxb4 Ra1# 0-1

[Event "*** Titled Tuesday Blitz"]
[Site "Chess.com"]
[Date "2021.04.06"]
[Round "11"]
[White "Artyom_ChessMate"]
[Black "Iskusnyh"]
[Result "0-1"]
[WhiteElo "2541"]
[BlackElo "2642"]
[TimeControl "180+1"]
[EndTime "12:07:53 PDT"]
[Termination "Iskusnyh won by resignation"]

1. e4 e6 2. d4 d5 3. Bd3 c5 4.
exd5 exd5 5. c3 Nc6 6. Nf3 Nf6 7.
O-O Be7 8. dxc5 Bxc5 9. Re1+ Be6 10. Ng5 O-O 11. Rxe6 fxe6 12. Nxe6 Bxf2+ 13. Kxf2 Ne4+ 14. Kg1 Qb6+ 15. Nd4 Nxd4 16. Be3 Qxb2 17. Bxd4 Qxa1 18. Qb3 Rad8 19. Bxe4 Kh8 20. Bd3 b6 21. h3 Rf4 22.
Be5 Rf7 23. Bd4 Rf4 24. Be5 Rf7 25. Kh2 Rf2 26. Bc2 Re8 27. Bd4 Rfe2 28. h4 b5 29. h5 h6 30. Bxa7 Ra8 31. Qxb5 Rxc2 32. Bd4 Qxa2 33. Bxg7+ Kxg7 34. Qd7+ Kf6 35. Qd6+ Kf5 36.
Qd7+ Ke4 37. Qg4+ Ke3 38. Qd4+ Ke2 39. Qe5+ Kd1 40. Qd4+ Kc1 41. Qg1+ Kb2 42. Qb6+ Ka1 43. Qd4 Rxg2+ 44. Kh3 Rh2+ 45. Kg4 Qg2+ 46. Kf5 Qe4+ 47.
Qxe4 dxe4 0-1

[Event "*** Titled Tuesday Blitz"]
[Site "Chess.com"]
[Date "2021.04.06"]
[Round "11"]
[White "BvsN"]
[Black "DinaBelenkaya"]
[Result "1-0"]
[WhiteElo "2452"]
[BlackElo "2359"]
[TimeControl "180+1"]
[EndTime "12:07:54 PDT"]
[Termination "BvsN won on time"]

1. c4 e5 2. Nc3 Nc6 3. Nf3 Nf6 4. e3 Bb4 5. Qc2 Bxc3 6. Qxc3 Qe7 7. d4 exd4 8. Nxd4 O-O 9. Nxc6 dxc6 10. Be2 Ne4 11. Qc2 Bf5 12. Qb3 b6 13. O-O a5 14. f3 Nc5 15.
Qc3 a4 16. e4 Bg6 17. Bf4 Rad8 18. Rad1 f6 19. Be3 f5 20. exf5 Bxf5 21. Rfe1 Rfe8 22. Rxd8 Qxd8 23. Bxc5 bxc5 24. Bf1 Rxe1 25. Qxe1 Qd4+ 26. Qf2 Bb1 27. a3 Kf7 28. g3 Bc2 29. Qxd4 cxd4 30. Kf2 Ke6 31. Ke2 Kd6 32. Kd2 Bb3 33. Bd3 Kc5 34.
Bxh7 Bxc4 35. h4 Bd5 36. f4 Kc4 37. Bc2 Bg2 38. g4 Kb5 39. Bd3+ Kc5 40. g5 Kd5 41. h5 Ke6 42. f5+ Ke7 43. Ke2 c5 44. Kf2 Bd5 45.
Kg3 c4 46. Be2 d3 47. Bd1 Be4 48. Kf4 Bc6 49. Ke5 Bg2 50. h6 gxh6 51. g6 1-0

[Event "*** Titled Tuesday Blitz"]
[Site "Chess.com"]
[Date "2021.04.06"]
[Round "11"]
[White "stepakyedael"]
[Black "Doudou2015"]
[Result "1-0"]
[WhiteElo "2270"]
[BlackElo "2098"]
[TimeControl "180+1"]
[EndTime "12:07:54 PDT"]
[Termination "stepakyedael won on time"]

1. d4 d5 2. Nf3 e6 3. e3 Nf6 4. c4 c5 5. dxc5 Bxc5 6. a3 O-O 7. b4 Be7 8. Bb2 a6 9. c5 Nc6 10. Nbd2 Nd7 11. Nb3 Bf6 12. Nbd4 g6 13. Be2 Nxd4 14. exd4 Re8 15. O-O Nf8 16. a4 Bd7 17. b5 axb5 18. axb5 h6 19. Qc2 Qc7 20. Rxa8 Rxa8 21. Ra1 Rxa1+ 22. Bxa1 Qa5 23. Bc3 Qa3 24. Qb2 Qxb2 25. Bxb2 Be8 26. Kf1 Nd7 27. c6 bxc6 28. bxc6 Nb6 29.
c7 Bd7 30. Bc3 Bc8 31. Ba5 Na4 32. Bb5 Nb2 33. Ke2 g5 34. Bc3 Nc4 35. Bxc4 dxc4 36.
Kd2 Kf8 37. Kc2 Ke8 38. Nd2 Ba6 39. Nxc4 Kd7 40. Ne3 Kxc7 41. d5 Bxc3 42. Kxc3 Kd6 43. Kd4 e5+ 44. Ke4 1-0

[Event "*** Titled Tuesday Blitz"]
[Site "Chess.com"]
[Date "2021.04.06"]
[Round "11"]
[White "McCarthyStone"]
[Black "politeplayer"]
[Result "0-1"]
[WhiteElo "2382"]
[BlackElo "2282"]
[TimeControl "180+1"]
[EndTime "12:07:55 PDT"]
[Termination "politeplayer won by resignation"]

1. e4 g6 2. Nc3 Bg7 3. f4 d6 4. Nf3 a6 5. a4 b6 6. Bc4 e6 7. O-O Bb7 8. f5 gxf5 9. exf5 d5 10. fxe6 fxe6 11. Ne5 Bxe5 12. Qh5+ Kd7 13. Qxe5 Ne7 14. Ne4 dxc4 15. Nf6+ Kc8 16. Qxe6+ Nd7 17. d4 Rf8 18. Bg5 Rxf6 19. Rxf6 Kb8 20. Rf7 Qg8 21. Qxe7 Bc6 22. Raf1 Kb7 23. d5 Bxa4 24. b3 Re8 25. bxa4 Rxe7 26.
Bxe7 Ne5 27. R7f5 Qg4 28. Rxe5 Qd4+ 29. Kh1 Qxe5 30. Bf6 Qxd5 31. c3 Qc6 32. Bd4 Qxa4 33. h4 Qc6 34. Rf7 a5 35. Rxh7 a4 36. Rf7 a3 37. Rf1 a2 38. h5 Qb5 39. h6 Qb1 40.
Rxb1 axb1=Q+ 41. Kh2 Qg6 42. Bg7 Qh5+ 43. Kg3 b5 44.
Kf4 b4 45. cxb4 c3 46. Bxc3 Qxh6+ 47. Ke4 Qg6+ 48. Kd4 Qxg2 49. Kc4 Qe4+ 50. Kb3 c6 0-1

[Event "*** Titled Tuesday Blitz"]
[Site "Chess.com"]
[Date "2021.04.06"]
[Round "11"]
[White "Kretov_Evgenij"]
[Black "1977Ivan"]
[Result "1-0"]
[WhiteElo "2628"]
[BlackElo "2739"]
[TimeControl "180+1"]
[EndTime "12:07:56 PDT"]
[Termination "Kretov_Evgenij won on time"]

1. d4 Nf6 2. c4 g6 3. Nc3 Bg7 4. e4 d6 5. Be2 O-O 6. Bg5 c5 7. d5 b5 8. cxb5 a6 9. a4 Qa5 10. Bd2 Qb4 11. f3 c4 12. Qc1 Nfd7 13. Nd1 Qc5 14. Qxc4 axb5 15. Qxc5 Nxc5 16. Bxb5 Ba6 17. Ra3 Nbd7 18. Bxa6 Rxa6 19. a5 Ne5 20. b4 Nc4 21. Ra2 Nxd2 22. Rxd2 Nb3 23. Rc2 Rb8 24. Rc4 Bh6 25.
Ne2 Bd2+ 26. Kf2 Bxb4 27. Ndc3 Rxa5 28. Rb1 Bc5+ 29. Kg3 Raa8 30. Na4 Be3 31. Rc3 Bh6 32. Rcxb3 Rxb3 33. Rxb3 Rxa4 34. Rb7 Bg5 35. Nc3 Ra3 36. Nb5 Ra2 37. Nc7 Bf6 38. Ne8 Be5+ 39. f4 Ra3+ 40.
Kg4 h5+ 41. Kg5 Bd4 42. g3 Ra2 43. Kh6 Kf8 44. Rb8 e6 45. Nxd6+ Ke7 46. Nb5 Be3 47. d6+ Kf6 48. e5+ Kf5 49. d7 1-0

[Event "*** Titled Tuesday Blitz"]
[Site "Chess.com"]
[Date "2021.04.06"]
[Round "11"]
[White "Shuvalov"]
[Black "Nozdrachev_Leonid"]
[Result "1-0"]
[WhiteElo "2486"]
[BlackElo "2559"]
[TimeControl "180+1"]
[EndTime "12:07:56 PDT"]
[Termination "Shuvalov won by resignation"]

1. Nf3 Nf6 2. c4 e6 3. g3 d5 4.
Bg2 Be7 5. O-O O-O 6. b3 d4 7.
e3 c5 8. exd4 cxd4 9. Ne5 Nfd7 10.
Nxd7 Nxd7 11. d3 Nc5 12. b4 Na6 13. a3 Bf6 14. Nd2 Nb8 15. c5 a5 16. b5 a4 17.
Nc4 Nd7 18. c6 Nc5 19. Bf4 bxc6 20. bxc6 Ra7 21. Rb1 Nb3 22. Re1 Ba6 23. Qc2 g5 24.
Be5 Bxc4 25. Qxc4 Nd2 26. Qc5 Ra5 27. Bxf6 Rxc5 28. Bxd8 Nxb1 29. Be7 Rb5 30. Bxf8 Kxf8 31. c7 Rc5 32. Rxb1 Rxc7 33. Rb4 Rc3 34. Bf1 Rxa3 35. Rxd4 Ra1 36. Rd8+ Ke7 37. Ra8 a3 38. Ra7+ Kf6 39. Kg2 g4 40. d4 h5 41. Bc4 Rc1 42. Bb3 Ra1 43. d5 exd5 44. Bxd5 Rd1 45. Bxf7 Rd3 46.
Bxh5 Kg5 47. Ra5+ Kh6 48. Bxg4 Rc3 49. Bf3 1-0

[Event "*** Titled Tuesday Blitz"]
[Site "Chess.com"]
[Date "2021.04.06"]
[Round "11"]
[White "marianokar"]
[Black "Fy_Rakotomaharo"]
[Result "1/2-1/2"]
[WhiteElo "2565"]
[BlackElo "2688"]
[TimeControl "180+1"]
[EndTime "12:07:57 PDT"]
[Termination "Game drawn by repetition"]

1. e4 e5 2. Nf3 Nc6 3. Bc4 Bc5 4. c3 Nf6 5. d3 a5 6. O-O d6 7. Bg5 h6 8. Bh4 g5 9. Bg3 Bd7 10. d4 exd4 11. cxd4 Bb6 12. e5 Nh5 13. exd6 Nxg3 14. Re1+ Kf8 15. hxg3 cxd6 16. d5 Ne5 17. Nxe5 dxe5 18.
Nc3 Bd4 19. Qf3 g4 20. Qd3 Qf6 21. Ne4 Qg6 22. Nc5 Bf5 23. Qa3 Kg7 24. Nb3 Bb6 25.
Rxe5 Rhe8 26. Rae1 Rxe5 27. Rxe5 Qf6 28. Qe7 a4 29. Nd2 Bd4 30. Re2 Bxb2 31. Qxb7 Rd8 32. d6 Rxd6 33. Ne4 Bxe4 34. Rxe4 Rd1+ 35. Kh2 Qxf2 36. Rxg4+ Kh7 37. Qxf7+ Qxf7 38. Bxf7 a3 39. Bg6+ Kh8 40. Bf7 Rd6 41. Rg6 Rxg6 42. Bxg6 Kg7 43. Bc2 Kf6 44. Bb3 Kg5 45. Kh3 h5 46. Kh2 Be5 47.
Kh3 Bd6 48. Bc4 Bc7 49. Bb3 Bd6 50. Bc4 Be5 51. Bb3 Bd6 1/2-1/2

[Event "*** Titled Tuesday Blitz"]
[Site "Chess.com"]
[Date "2021.04.06"]
[Round "11"]
[White "korbul"]
[Black "Nils_03"]
[Result "1/2-1/2"]
[WhiteElo "2543"]
[BlackElo "2408"]
[TimeControl "180+1"]
[EndTime "12:07:57 PDT"]
[Termination "Game drawn by repetition"]

1. e4 c5 2. d4 cxd4 3. c3 Nf6 4. e5 Nd5 5. Nf3 d6 6. cxd4 Nc6 7. Bc4 Nb6 8. Bb3 dxe5 9. d5 Nd4 10. Nxd4 exd4 11.
Qxd4 e5 12. Qxe5+ Be7 13. O-O O-O 14. Nc3 Bf6 15. Qh5 g6 16. Qf3 Bf5 17. Bh6 Re8 18. Rfe1 Qd6 19. h3 Be5 20. Re3 Bd4 21. Rxe8+ Rxe8 22. Rd1 Qc5 23. d6 Be6 24. Be3 Bxe3 25. Qxe3 Qxe3 26.
fxe3 Bxb3 27. axb3 Nd7 28. Kf2 f5 29. Nd5 Kf7 30.
Rc1 Re6 31. Rc7 Rxd6 32. Nc3 Ke6 33. Ke2 Rb6 34. Na4 Kd6 35. Rxd7+ Kxd7 36. Nxb6+ axb6 37.
e4 fxe4 38. Ke3 Kd6 39. Kxe4 Ke6 40. h4 h6 41. b4 b5 42. b3 h5 43. Kf4 Kf6 44. g4 hxg4 45. Kxg4 b6 46. Kf4 Ke6 47.
Kg5 Kf7 48. Kg4 Kf6 49. Kf4 Ke6 50. Ke4 Kd6 51. Kf4 Ke6 1/2-1/2

[Event "*** Titled Tuesday Blitz"]
[Site "Chess.com"]
[Date "2021.04.06"]
[Round "11"]
[White "VladaSviridova"]
[Black "ErikRonka"]
[Result "0-1"]
[WhiteElo "2248"]
[BlackElo "2462"]
[TimeControl "180+1"]
[EndTime "12:07:57 PDT"]
[Termination "ErikRonka won on time"]

1. d4 d5 2. c4 e6 3. Nf3 a6 4.
cxd5 exd5 5. Nc3 Nf6 6. Bg5 Be6 7. Qc2 Nbd7 8. e3 h6 9. Bh4 g5 10. Bg3 Nh5 11. Be5 Ng7 12. Bd3 Nxe5 13. Nxe5 Bd6 14.
O-O c6 15. f4 gxf4 16. exf4 Qb6 17. Qf2 Nf5 18. Bxf5 Bxf5 19. Rfe1 Kf8 20. Kh1 h5 21. Qh4 Qd8 22. Qf2 f6 23. Nf3 Qd7 24. Nh4 Kf7 25. Re3 Rae8 26. Rae1 Rxe3 27. Rxe3 Re8 28. Rxe8 Kxe8 29.
Qe2+ Kd8 30. Qxh5 Bg4 31. Qh8+ Kc7 32. Qxf6 Be7 33. Qe5+ Bd6 34. Qe3 Qf7 35. g3 Be7 36. Ng2 Bd6 37. Ne1 Qh5 38. Kg1 Bf5 39. Nf3 b5 40. Ne5 b4 41. Ne2 Be4 42. Nc1 Qh3 43. Qe2 c5 44. Nb3 cxd4 45. Nxd4 Bc5 46. Nc6 Qd7 47. Kf2 Qxc6 0-1